 Dungeon Crawl Stone Soup version 0.31-a0-426-g3a05650e59 (webtiles) character file.

Game seed: 11386626149884785294

60 avis the Ruffian (level 4, -1/40 HPs)
             Began as a Hill Orc Monk on July 30, 2023.
             Slain by a gnoll
             ... wielding a +0 spear
              (10 damage)
             ... on level 2 of the Dungeon.
             The game lasted 00:06:37 (1397 turns).

avis the Ruffian (Hill Orc Monk)                    Turns: 1397, Time: 00:06:38

Health: -1/40      AC:  2    Str: 15    XL:     4   Next: 4%
Magic:  4/4        EV: 10    Int: 10    God:
Gold:   139        SH: 11    Dex: 13    Spells: 3/3 levels left

rFire   . .          .
                       - Unarmed
rCold   . . .        g - +4 kite shield of Parlour Games {Rampage *Slow rElec rCorr}
rNeg    . . .        a - +0 robe
rPois   .            (no helmet)
rElec   +            (no cloak)
rCorr   +            (no gloves)
SInv    .            (no boots)
Will    .....        (no amulet)
Stlth   +            (no ring)
HPRegen 0.26/turn    (no ring)
MPRegen 0.09/turn

%: slow self (1%), rampage
@: no status effects
A: no striking features
a: no special abilities


You were on level 2 of the Dungeon.
You visited 1 branch of the dungeon, and saw 2 of its levels.

You collected 139 gold pieces.

Inventory:

Hand Weapons
 d - a +0 spear
 j - a +0 sling
Armour
 a - a +0 robe (worn)
 c - an orb of light
 g - the +4 kite shield of Parlour Games (worn) {Rampage *Slow rElec rCorr}
   (You found it on level 2 of the Dungeon)

   rElec:     It insulates you from electricity.
   rCorr:     It protects you from acid and corrosion.
   *Slow:     It may slow you when you take damage.
   Rampage:   It bestows one free step when moving towards enemies.
Talismans
 k - a granite talisman
Scrolls
 e - 3 scrolls of identify {unknown}
 f - a scroll of teleportation {unknown}
Potions
 b - a potion of ambrosia
 h - 2 potions of heal wounds {unknown}
 i - a potion of might {unknown}


   Skills:
 + Level 4.2 Fighting
 + Level 2.8 Dodging
 * Level 4.4 Unarmed Combat


You had 3 spell levels left.
You didn't know any spells.
Your spell library contained the following spells:

 Spells                   Type           Power      Damage    Failure   Level
 Apportation              Tloc           0%         N/A       80%         1
 Necrotise                Necr           0%         1d4       80%         1
 Summon Small Mammal      Summ           0%         N/A       80%         1


Dungeon Overview and Level Annotations

Branches:
Dungeon (2/15)

Altars:


Message History

The kobold shouts!
You rampage towards the kobold!
You rampage towards the kobold!
You hit the kobold.
You kill the kobold!
Things that are here:
a +0 short sword; 4 stones A ball python comes into view.
You now have 139 gold pieces (gained 8).
You see here 3 stones.
h - 2 metallic red potions (gained 1)
A gnoll comes into view. It is wielding a +0 flail.
You rampage towards the gnoll!
You rampage towards the gnoll!
A gnoll comes into view.
It is wielding a +0 whip. 2 gnolls come into view.
Found 17 gold pieces.
The gnoll shouts! x3
You rampage towards the gnoll!
You hit the gnoll.
The gnoll is heavily wounded.
You block the gnoll's attack.
You barely miss the gnoll.
The gnoll is heavily wounded.
The gnoll hits you with a +0 spear. The gnoll completely misses you.
You punch the gnoll!
You kill the gnoll!
The gnoll hits you from afar with a +0 spear.
You have reached level 4!
You hit the gnoll.
The gnoll is heavily wounded.
The gnoll hits you with a +0 whip! The gnoll barely misses you.
You hit the gnoll.
The gnoll is almost dead.
The gnoll hits you with a +0 whip.
The gnoll hits you from afar with a +0 spear.
You hit the gnoll but do no damage.
The gnoll is severely wounded.
The gnoll hits you with a +0 whip!
* * * LOW HITPOINT WARNING * * *
The gnoll hits you from afar with a +0 spear!
You die...

#.# ..# ### ...
##############
..[
......gg@....#
...
.#.##.g##.##.###
#.# #.. #.##...#
#.# #$. #....#.#
#.# #.. ####...#
##.#
#..#####..##
...####
..........#
.<....#
#########.#
.####.# #.#


You could see 3 gnolls.

Vanquished Creatures
  A gnoll (D:2)
  A dart slug (D:1)
  3 endoplasms
  A giant cockroach (D:1)
  6 goblins
  6 hobgoblins
  6 jackals
  4 kobolds
  4 quokkas
  A ball python (D:1)
  3 bats
  A frilled lizard (D:2)
  4 rats
41 creatures vanquished.

Notes
Turn   | Place    | Note
-------+----------+-------------------------------------------
     0 | D:1      | avis the Hill Orc Monk began the quest for the Orb.
     0 | D:1      | Reached XP level 1. HP: 19/19 MP: 1/1
   225 | D:1      | Reached XP level 2. HP: 26/27 MP: 2/2
   470 | D:1      | Reached XP level 3. HP: 25/33 MP: 3/3
   470 | D:1      | Found a faded altar of an unknown god.
   729 | D:2      | Identified the +4 kite shield of Parlour Games {Rampage
                  | *Slow rElec rCorr}
  1395 | D:2      | Reached XP level 4. HP: 32/40 MP: 4/4
  1397 | D:2      | Slain by a gnoll

Illustrated notes

Levels and vault maps discovered:
D:1:      dpeg_arrival_court, layout_basic, chequers_ecumenical_altar_simple
D:2:      layout_loops_cross

Skill      XL: |  1  2  3 |
---------------+----------+-----
Fighting       | 4 |  4.2
Unarmed Combat | 4 |  4.4
Dodging        | |  2.8

Action                     |  1- 3 |  4- 6 || total
---------------------------+-------+-------++-------
  Melee: Unarmed           |   135 |     3 ||   138
 Armour: Robe              |    15 |       ||    15
  Dodge: Dodged            |    52 |     1 ||    53
  Block: Kite shield       |    41 |       ||    41

Table legend: (Time is in decaauts)
 A = Elapsed time spent in this place.
 B = Non-inter-level travel time spent in this place.
 C = Inter-level travel time spent in this place.
 D = Time resting spent in this place.
 E = Time spent auto-exploring this place.
 F = Levels seen in this place.
 G = Mean time per level.
                   A        B        C        D        E       F      G
               +--------+--------+--------+--------+--------+-----+--------+
         Total |   1406 |   1309 |     97 |    143 |    826 |   2 |  703.0 |
       Dungeon |   1406 |   1309 |     97 |    143 |    826 |   2 |  703.0 |
               +--------+--------+--------+--------+--------+-----+--------+

Top non-repeatable levels by time:
     D:1: 788 daAuts
     D:2: 618 daAuts
